HSSL
OLIVER AMES HS TIGERS @ TEMISKAMING DISTRICT SECONDARY SCHOOL SAINTS
05/05/2028
 
TOP OF THE 1ST
Oliver Ames HS Tigers batting - Pitching for Temiskaming District Secondary School Saints : RHP Tony Parker
Pitching: RHP Tony Parker
Batting: LHB Brandon Napoleon 0-0: Called Strike
0-1: Ball
1-1: Foul Ball, location: 2F
1-2: Ball
2-2: Foul Ball, location: 2F
2-2: SINGLE (Flyball, 89S)
Batting: RHB Kenny Miller 0-0: Called Strike
0-1: Fly out, F4 (Popup, 4MD)
Batting: LHB William Moody 0-0: Ball
1-0: DOUBLE (Line Drive, 78D)
Brandon Napoleon to third
Batting: RHB Will Hinkle 0-0: Ball
1-0: Ball
2-0: Fly out, F9 (Flyball, 9S)
Batting: LHB Manny Martínez 0-0: Ball
1-0: Ball
2-0: Ball
3-0: Base on Balls
Batting: RHB Will Hernández 0-0: Called Strike
0-1: Called Strike
0-2: Ball
1-2: Strikes out looking
Top of the 1st over - 0 run(s), 2 hit(s), 0 error(s), 3 left on base; Oliver Ames HS 0 - Temiskaming District Secondary School 0
BOTTOM OF THE 1ST
Temiskaming District Secondary School Saints batting - Pitching for Oliver Ames HS Tigers : RHP Luis Salinas
Pitching: RHP Luis Salinas
Batting: RHB José Icaza 0-0: Ball
1-0: Ball
2-0: Foul Ball, location: 2F
2-1: Ball
3-1: Base on Balls
Batting: LHB Carson Dickinson 0-0: Ball
1-0: Called Strike
1-1: Swinging Strike
1-2: Ball
2-2: Foul Ball, location: 2F
2-2: Foul Ball, location: 2F
2-2: Strikes out swinging
Batting: RHB Ramón Cabrera 0-0: SINGLE (Groundball, 34D)
José Icaza to second
Runner from 2nd tries for 3rd, SAFE, no throw
Batting: LHB Leonardo Torres 0-0: Called Strike
0-1: Called Strike
0-2: Ball
1-2: Fly out, F7 (Flyball, 7LM)
Runner from 3rd tags up, SCORES, no throw
Batting: RHB Hilton Knowles 0-0: Called Strike
0-1: Ball
1-1: Ball
2-1: DOUBLE (Line Drive, 7LS)
Ramón Cabrera to third
Runner from 3rd tries for Home, SAFE, no throw
Batting: SHB Eric Silva 0-0: Ball
1-0: Foul Ball, location: 2F
1-1: Called Strike
1-2: Ball
2-2: Ball
3-2: Strikes out looking
Bottom of the 1st over - 2 run(s), 2 hit(s), 0 error(s), 1 left on base; Oliver Ames HS 0 - Temiskaming District Secondary School 2
TOP OF THE 2ND
Oliver Ames HS Tigers batting - Pitching for Temiskaming District Secondary School Saints : RHP Tony Parker
Batting: RHB Pat Young 0-0: Ball
1-0: Called Strike
1-1: Swinging Strike
1-2: Ball
2-2: Ball
3-2: Foul Ball, location: 2F
3-2: Base on Balls
Batting: RHB Marcos Llevanos 0-0: Swinging Strike
0-1: Ball
1-1: Ball
2-1: Ball
3-1: Called Strike
3-2: SINGLE (Groundball, 56D)
Pat Young to second
Batting: LHB Michael Schultz 0-0: Ball
1-0: Ball
2-0: Ground out U3 (Groundball, 3S)
Pat Young to third
Marcos Llevanos to second
Batting: LHB Brandon Napoleon 0-0: Ball
1-0: Foul Ball, location: 2F
1-1: SINGLE (Flyball, 78S)
Pat Young scores
Marcos Llevanos to third
Runner from 3rd tries for Home, SAFE, throw made home
Brandon Napoleon to second
Batting: RHB Kenny Miller 0-0: Ball
1-0: Called Strike
1-1: Called Strike
Brandon Napoleon steals 3rd base
1-2: Strikes out swinging
Batting: LHB William Moody 0-0: Called Strike
0-1: Ball
1-1: Ball
2-1: Swinging Strike
2-2: Strikes out looking
Top of the 2nd over - 2 run(s), 2 hit(s), 0 error(s), 1 left on base; Oliver Ames HS 2 - Temiskaming District Secondary School 2
BOTTOM OF THE 2ND
Temiskaming District Secondary School Saints batting - Pitching for Oliver Ames HS Tigers : RHP Luis Salinas
Batting: RHB Louis-Joseph Perrier 0-0: Called Strike
0-1: Ball
1-1: Ball
2-1: Ball
3-1: Fly out, F8 (Flyball, 8RM)
Batting: RHB Scott Roberts 0-0: Fly out, F3 (Line Drive, 3)
Batting: LHB Kevin McGee 0-0: Ball
1-0: SINGLE (Groundball, 6D)
Batting: RHB José Icaza 0-0: Ball
1-0: Swinging Strike
1-1: Ball
2-1: Swinging Strike
2-2: Ball
3-2: SINGLE (Popup, 4MD)
Kevin McGee to second
Kevin McGee to third
Batting: LHB Carson Dickinson 0-0: SINGLE (Line Drive, 34D)
Kevin McGee scores
José Icaza to second
Runner from 2nd tries for 3rd, SAFE, no throw
Batting: RHB Ramón Cabrera 0-0: Ball
1-0: Swinging Strike
1-1: Ball
2-1: Called Strike
2-2: Strikes out swinging
Bottom of the 2nd over - 1 run(s), 3 hit(s), 0 error(s), 2 left on base; Oliver Ames HS 2 - Temiskaming District Secondary School 3
TOP OF THE 3RD
Oliver Ames HS Tigers batting - Pitching for Temiskaming District Secondary School Saints : RHP Tony Parker
Batting: RHB Will Hinkle 0-0: Called Strike
0-1: Ball
1-1: Ball
2-1: Ball
3-1: Ground out 5-3 (Groundball, 5)
Batting: LHB Manny Martínez 0-0: Called Strike
0-1: Foul Ball, location: 2F
0-2: Foul Ball, location: 2F
0-2: Ball
1-2: Foul Ball, location: 2F
1-2: Ball
2-2: Foul Ball, location: 2F
2-2: Strikes out swinging
Batting: RHB Will Hernández 0-0: Ball
1-0: Ball
2-0: Foul Ball, location: 2F
2-1: SINGLE (Flyball, 78S)
Batting: RHB Pat Young 0-0: Fly out, F8 (Flyball, 8RD)
Top of the 3rd over - 0 run(s), 1 hit(s), 0 error(s), 1 left on base; Oliver Ames HS 2 - Temiskaming District Secondary School 3
BOTTOM OF THE 3RD
Temiskaming District Secondary School Saints batting - Pitching for Oliver Ames HS Tigers : RHP Luis Salinas
Batting: LHB Leonardo Torres 0-0: Called Strike
0-1: Fly out, F7 (Flyball, 7S)
Batting: RHB Hilton Knowles 0-0: Called Strike
0-1: Swinging Strike
0-2: Strikes out swinging
Batting: SHB Eric Silva 0-0: Foul Ball, location: 2F
0-1: Ball
1-1: Foul Ball, location: 2F
1-2: Ball
2-2: Ground out 4-3 (Groundball, 4)
Bottom of the 3rd over - 0 run(s), 0 hit(s), 0 error(s), 0 left on base; Oliver Ames HS 2 - Temiskaming District Secondary School 3
TOP OF THE 4TH
Oliver Ames HS Tigers batting - Pitching for Temiskaming District Secondary School Saints : RHP Tony Parker
Batting: RHB Marcos Llevanos 0-0: Ball
1-0: Called Strike
1-1: Swinging Strike
1-2: Ball
2-2: Ball
3-2: Foul Ball, location: 2F
3-2: Base on Balls
Pitching: LHP Guillermo Silva
Batting: LHB Michael Schultz 0-0: Called Strike
0-1: Fly out, F8 (Flyball, 8RM)
Batting: LHB Brandon Napoleon 0-0: Ball
1-0: Ball
2-0: Swinging Strike
2-1: Ball
3-1: Base on Balls
Marcos Llevanos to second
Batting: RHB Kenny Miller 0-0: Foul Ball, location: 2F
0-1: Ball
1-1: Ball
2-1: Grounds into double play, 6-4-3 (Groundball, 6)
Top of the 4th over - 0 run(s), 0 hit(s), 0 error(s), 1 left on base; Oliver Ames HS 2 - Temiskaming District Secondary School 3
BOTTOM OF THE 4TH
Temiskaming District Secondary School Saints batting - Pitching for Oliver Ames HS Tigers : RHP Luis Salinas
Batting: RHB Louis-Joseph Perrier 0-0: Ball
1-0: Swinging Strike
1-1: Fly out, F9 (Flyball, 9LSF)
Batting: RHB Scott Roberts 0-0: Called Strike
0-1: Reached on error, E6 (Groundball, 56)
Batting: LHB Kevin McGee 0-0: Ball
Scott Roberts is caught stealing 2nd base
1-0: Ball
2-0: Ball
3-0: Called Strike
3-1: Base on Balls
Batting: RHB José Icaza 0-0: Ball
1-0: Ball
2-0: Ball
3-0: Called Strike
3-1: Base on Balls
Kevin McGee to second
Batting: LHB Carson Dickinson 0-0: Foul Ball, location: 2F
0-1: Ball
1-1: Called Strike
1-2: Ball
2-2: Ball
3-2: Base on Balls
Kevin McGee to third
José Icaza to second
Batting: RHB Ramón Cabrera 0-0: Called Strike
0-1: Called Strike
0-2: Foul Ball, location: 2F
0-2: Strikes out looking
Bottom of the 4th over - 0 run(s), 0 hit(s), 1 error(s), 3 left on base; Oliver Ames HS 2 - Temiskaming District Secondary School 3
TOP OF THE 5TH
Oliver Ames HS Tigers batting - Pitching for Temiskaming District Secondary School Saints : LHP Guillermo Silva
Batting: LHB William Moody 0-0: Foul Ball, location: 2F
0-1: SINGLE (Groundball, 56S) (infield hit)
Batting: RHB Will Hinkle 0-0: Called Strike
William Moody steals 2nd base
0-1: Swinging Strike
0-2: Foul Ball, location: 2F
0-2: Ball
1-2: Ball
2-2: Ball
3-2: Foul Ball, location: 2F
3-2: Foul Ball, location: 2F
3-2: Base on Balls
Batting: LHB Manny Martínez 0-0: Ball
1-0: Called Strike
1-1: Ball
2-1: Ball
3-1: Foul Ball, location: 2F
3-2: Foul Ball, location: 2F
3-2: Foul Ball, location: 2F
3-2: Fielders Choice at 2nd, 1-6 (Groundball, 13S)
William Moody to third
Batting: RHB Will Hernández 0-0: Called Strike
0-1: Foul Ball, location: 2F
0-2: Ground out 5-3 (Groundball, 5S)
William Moody scores
Manny Martínez to second
Batting: RHB Pat Young 0-0: Foul Ball, location: 2F
0-1: Swinging Strike
0-2: Strikes out looking
Top of the 5th over - 1 run(s), 1 hit(s), 0 error(s), 1 left on base; Oliver Ames HS 3 - Temiskaming District Secondary School 3
BOTTOM OF THE 5TH
Temiskaming District Secondary School Saints batting - Pitching for Oliver Ames HS Tigers : RHP Luis Salinas
Pitching: RHP Eugene Jackson
Batting: LHB Leonardo Torres 0-0: Ground out U3 (Groundball, 34)
Batting: RHB Hilton Knowles 0-0: Called Strike
0-1: Swinging Strike
0-2: Ball
1-2: Ball
2-2: Ball
3-2: Base on Balls
Batting: SHB Eric Silva 0-0: Ball
Hilton Knowles is caught stealing 2nd base
1-0: Swinging Strike
1-1: Ball
2-1: Ball
3-1: Ground out 5-3 (Groundball, 5S)
Bottom of the 5th over - 0 run(s), 0 hit(s), 0 error(s), 0 left on base; Oliver Ames HS 3 - Temiskaming District Secondary School 3
TOP OF THE 6TH
Oliver Ames HS Tigers batting - Pitching for Temiskaming District Secondary School Saints : LHP Guillermo Silva
Batting: RHB Marcos Llevanos 0-0: Ball
1-0: Called Strike
1-1: Foul Ball, location: 2F
1-2: Foul Ball, location: 2F
1-2: Ball
2-2: Fly out, F6 (Popup, 6D)
Batting: LHB Michael Schultz 0-0: Foul Ball, location: 2F
0-1: Ball
1-1: SOLO HOME RUN (Flyball, 89XD), Distance : 434 ft
Batting: LHB Brandon Napoleon 0-0: Ball
1-0: Foul Ball, location: 2F
1-1: TRIPLE (Flyball, 8RD)
Batting: RHB Kenny Miller 0-0: Foul Ball, location: 2F
0-1: Ball
1-1: Swinging Strike
1-2: Ball
2-2: Foul Ball, location: 2F
2-2: Foul Ball, location: 2F
2-2: Ball
3-2: Base on Balls
Pitching: RHP John Bauer
Batting: LHB William Moody 0-0: Called Strike
0-1: Ground out U3 (Groundball, 34)
Kenny Miller to second
Batting: RHB Will Hinkle 0-0: Called Strike
0-1: Ball
1-1: Ball
2-1: Called Strike
2-2: Foul Ball, location: 2F
2-2: Ball
3-2: Strikes out looking
Top of the 6th over - 1 run(s), 2 hit(s), 0 error(s), 2 left on base; Oliver Ames HS 4 - Temiskaming District Secondary School 3
BOTTOM OF THE 6TH
Temiskaming District Secondary School Saints batting - Pitching for Oliver Ames HS Tigers : RHP Eugene Jackson
Batting: RHB Louis-Joseph Perrier 0-0: Foul Ball, location: 2F
0-1: Fly out, F8 (Flyball, 8LM)
Batting: RHB Scott Roberts 0-0: TRIPLE (Line Drive, 8RM)
Batting: LHB Kevin McGee 0-0: Called Strike
0-1: Ball
Passed Ball!
Scott Roberts scores
1-1: Ball
2-1: Ball
3-1: Base on Balls
Batting: RHB José Icaza 0-0: Foul Ball, location: 2F
0-1: Ball
1-1: Ball
2-1: Foul Ball, location: 2F
2-2: Strikes out swinging
Batting: LHB Carson Dickinson 0-0: Foul Ball, location: 2F
0-1: Foul Ball, location: 2F
0-2: Ball
1-2: Foul Ball, location: 2F
1-2: Foul Ball, location: 2F
1-2: Ball
Kevin McGee steals 2nd base
2-2: Foul Ball, location: 2F
2-2: Foul Ball, location: 2F
2-2: SINGLE (Line Drive, 9LS)
Kevin McGee to third
Runner from 3rd tries for Home, SAFE, no throw
Pitching: RHP Sergio Ruíz
Batting: RHB Ramón Cabrera 0-0: 2-RUN HOME RUN (Flyball, 7LD), Distance : 356 ft
Batting: LHB Leonardo Torres 0-0: Ball
1-0: Swinging Strike
1-1: Swinging Strike
1-2: Strikes out swinging
Bottom of the 6th over - 4 run(s), 3 hit(s), 0 error(s), 0 left on base; Oliver Ames HS 4 - Temiskaming District Secondary School 7
TOP OF THE 7TH
Oliver Ames HS Tigers batting - Pitching for Temiskaming District Secondary School Saints : RHP John Bauer
Batting: LHB Manny Martínez 0-0: Fly out, F6 (Line Drive, 6D)
Batting: RHB Will Hernández 0-0: Foul Ball, location: 2F
0-1: Foul Ball, location: 2F
0-2: DOUBLE (Flyball, 7LD) - OUT at third base trying to stretch hit.
Batting: RHB Pat Young 0-0: Foul Ball, location: 2F
0-1: Foul Ball, location: 2F
0-2: Ball
1-2: Ball
2-2: Foul Ball, location: 2F
2-2: Ball
3-2: Ground out 6-3 (Groundball, 6M)
Top of the 7th over - 0 run(s), 1 hit(s), 0 error(s), 0 left on base; Oliver Ames HS 4 - Temiskaming District Secondary School 7
BOTTOM OF THE 7TH
Temiskaming District Secondary School Saints batting - Pitching for Oliver Ames HS Tigers : RHP Sergio Ruíz
Batting: RHB Hilton Knowles 0-0: SINGLE (Flyball, 8RS)
Batting: SHB Eric Silva 0-0: Foul Ball, location: 2F
0-1: Called Strike
0-2: Foul Ball, location: 2F
0-2: Ball
1-2: Ball
2-2: Ball
3-2: Base on Balls
Hilton Knowles to second
Batting: RHB Louis-Joseph Perrier 0-0: Grounds into double play, 6-4-3 (Groundball, 6)
Hilton Knowles to third
Batting: RHB Scott Roberts 0-0: Called Strike
0-1: DOUBLE (Line Drive, 7LS)
Hilton Knowles scores
Pitching: LHP Jon Carriere
Batting: LHB Kevin McGee 0-0: Ball
1-0: Ball
2-0: Called Strike
2-1: SINGLE (Groundball, 6) (infield hit)
Scott Roberts to third
Batting: RHB Glenn Hansen 0-0: Ball
1-0: Ball
2-0: 3-RUN HOME RUN (Flyball, 7D), Distance : 380 ft
Batting: LHB Carson Dickinson 0-0: Swinging Strike
0-1: Foul Ball, location: 2F
0-2: Foul Ball, location: 2F
0-2: Ball
1-2: Ground out 4-3 (Groundball, 4)
Bottom of the 7th over - 4 run(s), 4 hit(s), 0 error(s), 0 left on base; Oliver Ames HS 4 - Temiskaming District Secondary School 11
TOP OF THE 8TH
Oliver Ames HS Tigers batting - Pitching for Temiskaming District Secondary School Saints : RHP John Bauer
Now at SS: Glenn Hansen
Now in CF: John Weber
Batting: RHB Marcos Llevanos 0-0: Ball
1-0: Swinging Strike
1-1: Ground out 5-3 (Groundball, 56S)
Batting: LHB Michael Schultz 0-0: Called Strike
0-1: Called Strike
0-2: Strikes out swinging
Batting: LHB Brandon Napoleon 0-0: Called Strike
0-1: Ball
1-1: Ball
2-1: Ball
3-1: Foul Ball, location: 2F
3-2: Foul Ball, location: 2F
3-2: Base on Balls
Batting: RHB Kenny Miller 0-0: Ball
1-0: Foul Ball, location: 2F
1-1: Foul Ball, location: 2F
1-2: 2-RUN HOME RUN (Flyball, 7D), Distance : 389 ft
Batting: LHB William Moody 0-0: Called Strike
0-1: Ball
1-1: DOUBLE (Line Drive, 78M)
Batting: RHB Will Hinkle 0-0: Called Strike
0-1: Foul Ball, location: 2F
0-2: Ball
1-2: Ball
2-2: Strikes out swinging
Top of the 8th over - 2 run(s), 2 hit(s), 0 error(s), 1 left on base; Oliver Ames HS 6 - Temiskaming District Secondary School 11
BOTTOM OF THE 8TH
Temiskaming District Secondary School Saints batting - Pitching for Oliver Ames HS Tigers : LHP Jon Carriere
Pitching: RHP William Snyder
Batting: RHB Ramón Cabrera 0-0: Ball
1-0: Called Strike
1-1: Ball
2-1: Ball
3-1: Called Strike
3-2: Fly out, F9 (Flyball, 9)
Batting: LHB Leonardo Torres 0-0: SINGLE (Flyball, 89S)
Batting: RHB Hilton Knowles 0-0: Ball
1-0: Called Strike
1-1: Ball
2-1: Ball
3-1: Swinging Strike
3-2: Base on Balls
Leonardo Torres to second
Batting: SHB Eric Silva 0-0: Called Strike
0-1: Swinging Strike
0-2: Ball
1-2: SINGLE (Groundball, 6D)
Leonardo Torres to third
Hilton Knowles to second
Runner from 3rd tries for Home, SAFE, throw made home
Batting: RHB Louis-Joseph Perrier 0-0: Called Strike
0-1: Foul Ball, location: 2F
0-2: Foul Ball, location: 2F
0-2: Ball
1-2: Foul Ball, location: 2F
1-2: Ball
2-2: Ball
3-2: Fly out, F7 (Line Drive, 78S)
Batting: RHB John Weber 0-0: Foul Ball, location: 2F
0-1: Called Strike
0-2: Ball
1-2: Strikes out looking
Bottom of the 8th over - 1 run(s), 2 hit(s), 0 error(s), 2 left on base; Oliver Ames HS 6 - Temiskaming District Secondary School 12
TOP OF THE 9TH
Oliver Ames HS Tigers batting - Pitching for Temiskaming District Secondary School Saints : RHP John Bauer
Now at C: José Ramírez
Batting: LHB Manny Martínez 0-0: Swinging Strike
0-1: Called Strike
0-2: Ball
1-2: Foul Ball, location: 2F
1-2: Ball
2-2: Ball
3-2: Fly out, F4 (Popup, 34D)
Pitching: LHP Maurice Chappell
Batting: RHB Will Hernández 0-0: Ball
1-0: Ball
2-0: Ball
3-0: Called Strike
3-1: Base on Balls
Batting: RHB Pat Young 0-0: Ball
1-0: Called Strike
1-1: Ball
2-1: Swinging Strike
2-2: Ball
3-2: Strikes out looking
Batting: RHB Marcos Llevanos 0-0: Called Strike
0-1: Foul Ball, location: 2F
0-2: Strikes out swinging
Top of the 9th over - 0 run(s), 0 hit(s), 0 error(s), 1 left on base; Oliver Ames HS 6 - Temiskaming District Secondary School 12
Tuesday, August 8th, 2017 - OOTP Baseball 17.12 Build 75